 Dungeon Crawl Stone Soup version 0.21.1-1-g345015f (webtiles) character file.

523 Stendarr the Gusty (level 7, -2/36 HPs)
             Began as a Tengu Air Elementalist on Apr 5, 2018.
             Killed by divine providence
             ... invoked by an orc priest
              (12 damage)
             ... on level 5 of the Dungeon on May 29, 2018.
             The game lasted 00:25:39 (3412 turns).

Stendarr the Gusty (Tengu Air Elementalist)         Turns: 3412, Time: 00:25:40

Health: -2/36      AC:  7    Str: 10    XL:     7   Next: 22%
Magic:  9/11       EV: 15    Int: 16    God:
Gold:   175        SH:  0    Dex: 14    Spells: 0/10 levels left

rFire    . . .     SeeInvis .   e - +0 dagger (venom)
rCold    . . .     Gourm    .   (no shield)
rNeg     . . .     Faith    .   a - +0 robe
rPois    .         Spirit   .   (helmet restricted)
rElec    .         Reflect  .   (no cloak)
rCorr    .         Harm     .   (no gloves)
MR       .....                  (boots unavailable)
Stlth    +++.......             (no amulet)
HPRegen  0.12/turn              q - ring of stealth
MPRegen  0.12/turn              j - +5 ring of protection

@: no status effects
A: beak, talons 3, able to fly 1
a: Fly


You were on level 5 of the Dungeon.
You were not hungry.

You visited 1 branch of the dungeon, and saw 5 of its levels.

You collected 175 gold pieces.

Inventory:

Hand Weapons
 d - a +0 whip
 e - a +0 dagger of venom (weapon)
Missiles
 p - 18 poisoned needles
Armour
 a - a +0 robe (worn)
Jewellery
 j - a +5 ring of protection (right hand)
 o - an uncursed ring of protection from cold
 q - a ring of stealth (left hand)
Scrolls
 f - 4 scrolls of identify {unknown}
 i - a scroll of amnesia
 l - a scroll of enchant armour {unknown}
 m - a scroll of noise {unknown}
 n - a scroll of blinking {unknown}
 s - a scroll of magic mapping {unknown}
 u - a scroll of remove curse
Potions
 g - 2 potions of heal wounds {unknown}
 h - a potion of lignification {unknown}
 k - a potion of might {unknown}
 r - a potion of brilliance {unknown}
 t - a potion of degeneration {unknown}
Books
 b - a book of Air

   Spells                             Type                      Level
   a - Shock                          Conjuration/Air              1
   b - Swiftness                      Charms/Air                   2
   c - Static Discharge               Conjuration/Air              3
   d - Airstrike                      Air                          4
   e - Lightning Bolt                 Conjuration/Air              5
 v - a book of the Sky

   Spells                             Type                      Level
   a - Summon Lightning Spire         Summoning/Air                4
   b - Silence                        Hexes/Air                    5
   c - Deflect Missiles               Charms/Air                   6
   d - Conjure Ball Lightning         Conjuration/Air              6
   e - Tornado                        Air                          9
Comestibles
 c - 9 rations
 w - 7 chunks of flesh


   Skills:
 + Level 5.1 Dodging
 - Level 2.0 Stealth
 - Level 2.0 Spellcasting
 + Level 5.6 Conjurations
 + Level 6.9 Air Magic


You couldn't memorise any spells.
You knew the following spells:

 Your Spells              Type           Power        Failure   Level  Hunger
a - Shock                 Conj/Air       ###.         1%          1    #......
b - Swiftness             Chrm/Air       ##......     8%          2    ###....
c - Static Discharge      Conj/Air       ###.....     4%          3    ###....
d - Airstrike             Air            ###.......   12%         4    #####..


Dungeon Overview and Level Annotations

Branches:
Dungeon (5/15)
 Temple: D:4-7

Altars:
Ashenzari
Dithmenos
Gozag
Hepliaklqana
The Shining One


Innate Abilities, Weirdness & Mutations

You have a beak for a mouth.
You have claws for feet.
You can fly.


Message History

The bullfrog zombie hits you.
You hit the bullfrog zombie but do no damage.
Your kick misses the bullfrog zombie. You peck the bullfrog zombie.
The bullfrog zombie is severely damaged.
The bullfrog zombie hits you.
* * * LOW HITPOINT WARNING * * *
Casting: Shock
Confirm with . or Enter, or press ? or * to list all spells.
Aiming: Shock
Press: ? - help, Shift-Dir - straight line The zap hits the bullfrog zombie.
The bullfrog zombie is almost destroyed.
The zap hits the orc priest.
The orc priest is lightly wounded.
The zap hits the orc priest.
The orc priest is moderately wounded.
The bullfrog zombie barely misses you.
The orc priest mumbles some strange prayers to Beogh against you.
Beogh smites you!
You die...

.......
##.#............###
#######
#.............##
##............#
#............#
#............#
#............#
#............#
#..########### #.@#
#.Z#######
#.>o.....#
########o# #.# #l#
. #Z# .. #.# %..
#.#


You could see an orc priest and a bullfrog zombie.

Vanquished Creatures
  A phantom (D:4)
  An ogre (D:5)
  A jelly (D:5)
  A hound (D:5)
  An orc wizard (D:5)
  An iguana (D:5)
  2 worker ants (D:4)
  A hound skeleton (D:4)
  6 adders
  4 gnolls
  A worm (D:3)
  A dart slug (D:1)
  2 leopard geckos
  7 orcs
  4 giant cockroaches
  6 hobgoblins
  4 jackals (D:3)
  2 quokkas
  A ball python (D:4)
  5 bats
  A frilled lizard (D:3)
  8 goblins
  10 kobolds
  7 rats
78 creatures vanquished.

Notes
Turn   | Place    | Note
-------+----------+-------------------------------------------
     0 | D:1      | Stendarr the Tengu Air Elementalist began the quest for the Orb.
     0 | D:1      | Reached XP level 1. HP: 10/10 MP: 4/4
   248 | D:1      | Reached XP level 2. HP: 15/15 MP: 0/6
   480 | D:1      | Reached XP level 3. HP: 19/19 MP: 3/7
   546 | D:1      | Learned a level 2 spell: Swiftness
   551 | D:1      | Learned a level 3 spell: Static Discharge
   797 | D:2      | Found a shattered altar of Ashenzari.
  1095 | D:2      | Found a glowing golden altar of the Shining One.
  1329 | D:2      | Reached XP level 4. HP: 24/24 MP: 5/8
  1561 | D:3      | Reached skill level 5 in Air Magic
  2158 | D:4      | Noticed a phantom
  2262 | D:5      | Entered Level 5 of the Dungeon
  2339 | D:4      | Killed a phantom
  2339 | D:4      | Gained mutation: You can fly. [Tengu growth]
  2339 | D:4      | Reached XP level 5. HP: 16/28 MP: 3/9
  2554 | D:4      | Reached XP level 6. HP: 30/32 MP: 0/10
  2663 | D:4      | Reached skill level 6 in Air Magic
  2996 | D:5      | Found a shadowy altar of Dithmenos.
  3105 | D:5      | Reached skill level 5 in Conjurations
  3112 | D:5      | Reached XP level 7. HP: 36/36 MP: 2/11
  3124 | D:5      | Learned a level 4 spell: Airstrike
  3234 | D:5      | Reached skill level 5 in Dodging
  3260 | D:5      | Found an opulent altar of Gozag.
  3265 | D:5      | Found a hazy altar of Hepliaklqana.
  3412 | D:5      | Killed from afar by an orc priest

Skill      XL: |  1  2  3  4  5  6  7 |
---------------+----------------------+-----
Conjurations   | 2 3 4 5 |  5.6
Dodging        | 3 4 5 |  5.1
Air Magic      | 5 6 |  6.9
Stealth        | |  2.0
Spellcasting   | |  2.0

Action                   |  1- 3 |  4- 6 |  7- 9 || total
-------------------------+-------+-------+-------++-------
Melee: Kick              |     4 |     7 |     1 ||    12
       Unarmed           |     2 |       |       ||     2
       Whip              |    22 |       |       ||    22
       Peck              |     3 |    10 |     1 ||    14
       Dagger            |       |    31 |     5 ||    36
 Cast: Shock             |    53 |    90 |    21 ||   164
       Static Discharge  |       |     1 |       ||     1
  Use: Scroll            |     5 |       |       ||     5
  Eat: Chunk             |     2 |     7 |     2 ||    11
Armor: Robe              |     5 |     8 |       ||    13
Dodge: Dodged            |    30 |    27 |     4 ||    61
